 Dungeon Crawl Stone Soup version 0.28.0-53-g5a82cb258f (webtiles) character file.

Game seed: 1469333619896791589

37 dranuc9 the Conjurer (level 3, 20/20 HPs)
             Began as a Deep Elf Conjurer on July 17, 2022.
             Quit the game on level 2 of the Dungeon.
             The game lasted 00:04:42 (1096 turns).

dranuc9 the Conjurer (Deep Elf Conjurer)            Turns: 1096, Time: 00:04:42

Health: 20/20      AC:  2    Str:  4    XL:     3   Next: 21%
Magic:  7/10       EV: 12    Int: 24    God:
Gold:   20         SH:  0    Dex: 13    Spells: 6/9 levels left

rFire   . . .      SeeInvis .   (no weapon)
rCold   . . .      Faith    .   (no shield)
rNeg    . . .      Spirit   .   a - +0 robe
rPois   .          Reflect  .   (no helmet)
rElec   .          Harm     .   (no cloak)
rCorr   .          Rampage  .   (no gloves)
Will    .....                   (no boots)
Stlth   ++........              (no amulet)
HPRegen 0.06/turn               (no ring)
MPRegen 0.12/turn               (no ring)

@: no status effects
A: no striking features
a: no special abilities


You were on level 2 of the Dungeon.
You visited 1 branch of the dungeon, and saw 2 of its levels.

You collected 20 gold pieces.

Inventory:

Armour
 a - a +0 robe (worn)
Scrolls
 b - a scroll of magic mapping {unknown}
 d - a scroll of immolation {unknown}
 e - 4 scrolls of enchant armour {unknown}
 i - a scroll of amnesia {unknown}
Potions
 c - 2 potions of resistance {unknown}
 f - a potion of mutation {unknown}
 g - a potion of berserk rage {unknown}
 h - a potion of ambrosia {unknown}


   Skills:
 * Level 0.3 Fighting
 + Level 2.4 Dodging
 + Level 2.6 Stealth
 + Level 3.5 Spellcasting
 + Level 5.2 Conjurations


You had 6 spell levels left.
You knew the following spells:

 Your Spells              Type           Power      Damage    Failure   Level
a - Magic Dart            Conj           100%       1d8       1%          1
b - Searing Ray           Conj           58%        2d6       1%          2

Your spell library contained the following spells:

 Spells                   Type           Power      Damage    Failure   Level
 Dazzling Flash           Conj/Hex       32%        N/A       11%         3
 Fulminant Prism          Conj/Hex       8%         3d7       34%         4
 Iskenderun's Mystic Bla  Conj/Tloc      16%        2d5       34%         4


Dungeon Overview and Level Annotations

Branches:
Dungeon (2/15)

Altars:


Message History

The magic dart hits the goblin.
You kill the goblin!
h - a murky dark potion A hobgoblin comes into view.
It is wielding a +0 short sword.
The magic dart hits the hobgoblin.
The hobgoblin is severely wounded.
The hobgoblin shouts!
A rat comes into view.
The magic dart hits the hobgoblin but does no damage.
The hobgoblin is severely wounded.
The magic dart hits the hobgoblin.
You kill the hobgoblin!
The magic dart hits the rat!
You kill the rat!
Things that are here:
a +0 dagger; a goblin corpse
Things that are here:
a +0 short sword; a rat corpse; a ball python corpse A worm comes into view.
The magic dart hits the worm.
The worm is moderately wounded.
The magic dart hits the worm!
The worm is heavily wounded.
The magic dart hits the worm!
The worm is almost dead.
The magic dart hits the worm.
You kill the worm!
You now have 20 gold pieces (gained 11).
i - a scroll labelled RYAKEEPSIELO An adder comes into view.
The magic dart hits the adder.
The adder is heavily wounded.
The adder hisses angrily.
The magic dart hits the adder!
You kill the adder!
You have reached level 3!
Your experience leads to an increase in your attributes!
Increase (S)trength, (I)ntelligence, or (D)exterity?
You feel clever. x2
Are you sure you want to abandon this character and quit the game? (Confirm with "yes".)

....<...# ........# .
........## ..
.........#
....#........######
#.. ....#<......##
##.####.....(.....##
#.....#..#.........##
#.##@...............#
#^##.##.#........<...
##....##...........###
+.......†..........#
+.#.######.........#
#...# #.........#
#.### #........... #.#
#.........#. #.###
#.........#


There were no monsters in sight!

Vanquished Creatures
  An adder (D:2)
  A worm (D:2)
  An endoplasm (D:2)
  A giant cockroach (D:1)
  2 goblins
  4 hobgoblins
  A kobold (D:1)
  2 quokkas
  4 ball pythons
  3 bats (D:1)
  2 rats
22 creatures vanquished.

Notes
Turn   | Place    | Note
-------+----------+-------------------------------------------
     0 | D:1      | dranuc9 the Deep Elf Conjurer began the quest for the Orb.
     0 | D:1      | Reached XP level 1. HP: 10/10 MP: 6/6
   291 | D:1      | Reached XP level 2. HP: 15/15 MP: 5/8
   320 | D:1      | Learned a level 2 spell: Searing Ray
   961 | D:2      | Reached skill level 5 in Conjurations
  1096 | D:2      | Reached XP level 3. HP: 20/20 MP: 7/10
  1096 | D:2      | Quit the game

Illustrated notes

Levels and vault maps discovered:
D:1:      nzn_arrival_depleted_hourglass, layout_loops_ring, fountainhead,
          wad_floor_pattern_untrapped
D:2:      layout_rooms, shapermc_ecumenical_altar_mp_urbaneastern,
          kennysheep_generic_room_6

Skill      XL: |  1  2 |
---------------+-------+-----
Conjurations   | 5 |  5.2
Fighting       | |  0.3
Dodging        | |  2.4
Stealth        | |  2.6
Spellcasting   | |  3.5

Action                   || total
-------------------------++-------
 Cast: Magic Dart        ||    41
Armor: Robe              ||     1
